 Dungeon Crawl Stone Soup version 0.17.0-28-g6e173f8 (webtiles) character file.

201 PossumBlood the Shield-Bearer (level 5, -3/47 HPs)
             Began as a Minotaur Fighter on Dec 2, 2015.
             Killed by divine providence
             ... invoked by an orc priest
              (17 damage)
             ... on level 4 of the Dungeon.
             The game lasted 00:10:12 (1845 turns).

PossumBlood the Shield-Bearer (Minotaur Fighter)    Turns: 1845, Time: 00:10:12

Health: -3/47      AC:  8    Str: 23    XL:     5   Next: 50%
Magic:  4/4        EV:  7    Int:  3    God:
Gold:   123        SH: 10    Dex: 10    Spells: 0 memorised, 4 levels left

rFire  + . .     SeeInvis .     a - +0 flail
rCold  x . .     Clarity  .     b - +0 scale mail
rNeg   + . .     SustAt   .     c - +0 shield
rPois  .         Gourm    .     m - +1 hat
rElec  .         Spirit   .     (no cloak)
rCorr  .         Warding  +     (no gloves)
rMut   .         Stasis   .     (no boots)
MR     .....                    j - amulet of warding
Stlth  ..........               (no ring)
                                f - ring of fire

@: not resistant to hostile enchantments, extremely unstealthy
A: retaliatory headbutt, hooves 1, horns 2, dopey 1, strong 1
a: no special abilities


You were on level 4 of the Dungeon.
You were not hungry.

You visited 1 branch of the dungeon, and saw 4 of its levels.

You collected 159 gold pieces.
You spent 36 gold pieces at shops.

Inventory:

Hand Weapons
 a - a +0 flail (weapon)
 s - a cursed -2 falchion
Armour
 b - a +0 scale mail (worn)
 c - a +0 shield (worn)
 m - a +1 hat (worn)
Jewellery
 f - a ring of fire (left hand)
 j - an amulet of warding (around neck)
Wands
 o - a wand of polymorph (24)
Scrolls
 i - 5 scrolls of identify
 n - a scroll of remove curse
 p - a scroll of recharging
Potions
 d - a potion of might
 h - a potion of ambrosia
 k - 3 potions of flight
 l - a potion of haste
 q - 2 potions of brilliance
Books
 t - a book of Ice

   Spells                             Type                      Level
   a - Ice Form                       Ice/Transmutation            4
   b - Metabolic Englaciation         Hexes/Ice                    5
   c - Ozocubu's Refrigeration        Ice                          6
   d - Bolt of Cold                   Conjuration/Ice              6
   e - Freezing Cloud                 Conjuration/Ice/Air          6
   f - Simulacrum                     Ice/Necromancy               6
Comestibles
 e - 2 bread rations
 g - 5 meat rations
 r - 2 beef jerkies
 u - a slice of pizza


   Skills:
 + Level 4.6 Fighting
 * Level 4.6 Maces & Flails
 + Level 4.6 Armour
 + Level 4.9 Shields


You had 4 spell levels left.
You didn't know any spells.

Dungeon Overview and Level Annotations

Branches:
Dungeon (4/15)
 Temple: D:4-7

Altars:

Shops:
D:4 %


Innate Abilities, Weirdness & Mutations

You reflexively headbutt those who attack you in melee.
You have a pair of horns on your head.
You have large cloven feet.
You are dopey. (Int -2)
Your muscles are strong. (Str +2)


Message History

Something smites you!
* * * LOW HITPOINT WARNING * * *
Unknown command.
You are too injured to fight recklessly!
You are too injured to fight recklessly!
You are too injured to fight recklessly!
You are too injured to fight recklessly!
You are too injured to fight recklessly!
You are too injured to fight recklessly!
You are too injured to fight recklessly!
You are too injured to fight recklessly!
You are too injured to fight recklessly!
The scorpion stings you but does no damage.
Found 26 arrows.
You barely miss the scorpion.
You kick the scorpion, but do no damage.
The scorpion is severely wounded.
The orc priest mumbles some strange prayers to Beogh against you.
Something smites you!
You die...

######### #.##..#
#.......# #.##..#
#.#####.###.##..# #.#
#..†..##..### #.#
#####.......#
##.#########.#####.#####
......................>#
##.........#.#.#.#######
########.#.#.#.#@so#
....# # # #..(..#.#
###.# ...##...#o# ....#
.+....# . ###### ###.##
## .....# .# ####.# # ##
.#


You could see a scorpion and an orc priest.

Vanquished Creatures
  An iguana (D:4)
  Natasha (twice) (D:2)
  6 adders
  An ooze (D:3)
  5 orcs (D:3)
  4 bats
  3 giant cockroaches
  8 goblins
  12 hobgoblins
  5 jackals
  A quokka (D:3)
  2 giant newts
  2 kobolds (D:2)
  37 rats
89 creatures vanquished.

Notes
Turn   | Place    | Note
--------------------------------------------------------------
     0 | D:1      | PossumBlood the Minotaur Fighter began the quest for the Orb.
     0 | D:1      | Reached XP level 1. HP: 19/19 MP: 0/0
   157 | D:1      | Reached XP level 2. HP: 20/27 MP: 1/1
   368 | D:1      | Reached skill level 4 in Shields
   533 | D:1      | Gained mutation: You have large cloven feet. [potion of mutation]
   533 | D:1      | Gained mutation: Your muscles are strong. (Str +2) [potion of mutation]
   533 | D:1      | Gained mutation: You are dopey. (Int -2) [potion of mutation]
   646 | D:2      | Reached XP level 3. HP: 30/33 MP: 2/2
   752 | D:2      | Noticed Natasha
   761 | D:2      | Killed Natasha
   915 | D:2      | Noticed Natasha
   917 | D:2      | Reached XP level 4. HP: 30/40 MP: 3/3
   928 | D:2      | Killed Natasha
  1544 | D:3      | Reached XP level 5. HP: 43/47 MP: 4/4
  1794 | D:4      | Found Hedais's Food Boutique.
  1799 | D:4      | Bought a beef jerky for 18 gold pieces
  1799 | D:4      | Bought a beef jerky for 18 gold pieces
  1845 | D:4      | Killed from afar by an orc priest

Action                   |  1- 3 |  4- 6 || total
-------------------------+-------+-------++-------
Melee: Flail             |    66 |   134 ||   200
  Use: Potion            |     6 |     2 ||     8
       Scroll            |     3 |     3 ||     6
  Eat: Bread ration      |       |     1 ||     1
